AoeStats
← Lord_of_Larshof

Arena

510822100Analyzed
1v1 RM · 19h ago on Oct 2, 2026· 43m 17s· 2 players
Game mode
Random Map
Map size
Tiny (2 player)
Population
200
Speed
Normal
Resources
Standard
Victory
Conquest
Starting age
Dark Age
Ending age
Imperial Age
RankedLock teamsTeams togetherTeam positionsShared explorationLock speedFull tech treeHidden civsTurbo modeCheats
Victory
Defeat
🇬🇹 Celts · Guatemala
898
+16
🇩🇪 Goths · Germany
900
-45
Tang Dynasty
11:06 Feudal Age
10:11 Loom
15:19 Castle Age
14:20 Horse Collar
14:28 Double-Bit Axe
14:49 Gold Mining
15:00 Stone Mining
21:07 Wheelbarrow
21:04 Town Watch
21:51 Heavy Plow
22:12 Bow Saw
24:43 Gold Shaft Mining
25:35 Scale Barding Armor
25:43 Forging
25:34 Padded Archer Armor
28:57 Imperial Age
27:20 Hand Cart
27:55 Town Patrol
28:07 Pikeman
28:33 Gambesons
29:03 Arson
29:20 Scale Mail Armor
29:40 Leather Archer Armor
30:13 Stone Shaft Mining
30:57 Halberdier
34:16 Heavy Scorpion
36:11 Fletching
39:13 Conscription
39:05 Furor Celtica
38:48 Stronghold
40:22 Ballistics
41:03 Chemistry
40:02 Murder Holes
40:13 Siege Engineers
41:07 Hoardings
41:18 Man-at-Arms
42:13 Long Swordsman
Lord_of_Larshof
0:35 Loom
10:47 Feudal Age
14:51 Castle Age
12:43 Double-Bit Axe
13:07 Horse Collar
17:40 Bow Saw
17:41 Loom
20:03 Wheelbarrow
20:25 Gold Mining
21:06 Fletching
23:48 Hand Cart
23:25 Town Watch
26:39 Stone Mining
27:51 Bloodlines
27:58 Town Patrol
28:48 Scale Barding Armor
28:53 Forging
29:08 Elite Skirmisher
33:57 Anarchy
37:07 Imperial Age
34:45 Pikeman
37:37 Ballistics
37:36 Cavalier
39:07 Scale Mail Armor
39:42 Iron Casting
41:00 Stone Shaft Mining
41:57 Fletching
42:08 Padded Archer Armor
Connection lost

Rejoining the realm…

Still unreachable

The connection could not be restored.

Session expired

The server has moved on; the page needs a fresh start.